NCAA
DUKE BLUE DEVILS @ TEXAS LONGHORNS
03/26/2060
 
TOP OF THE 1ST
Duke Blue Devils batting - Pitching for Texas Longhorns : LHP Richie Delony
Pitching: LHP Richie Delony
Batting: LHB Rob Bass 0-0: Ground out 6-3 (Groundball, 6, EV 88.8 MPH)
Batting: RHB Javarez Corley 0-0: Ground out 6-3 (Groundball, 6, EV 101.9 MPH)
Batting: LHB Easton Gryder 0-0: Ball
1-0: Ball
2-0: Ball
3-0: Called Strike
3-1: Fly out, F9 (Flyball, 89S, EV 83.8 MPH)
Top of the 1st over - 0 runs, 0 hits, 0 errors, 0 left on base; Duke 0 - Texas 0
BOTTOM OF THE 1ST
Texas Longhorns batting - Pitching for Duke Blue Devils : LHP Alan Miller
Pitching: LHP Alan Miller
Batting: RHB Jim Hamling 0-0: Called Strike
0-1: Swinging Strike
0-2: Ball
1-2: Fly out, F3 (Line Drive, 3, EV 68.1 MPH)
Batting: RHB Eddie Neil 0-0: Ball
1-0: Foul Ball, location: 2F
1-1: Ball
2-1: Swinging Strike
2-2: Ball
3-2: Strikes out swinging
Batting: RHB Mason Smith 0-0: Ball
1-0: Ball
2-0: Foul Ball, location: 2F
2-1: Fly out, F8 (Flyball, 8RM, EV 88.1 MPH)
Bottom of the 1st over - 0 runs, 0 hits, 0 errors, 0 left on base; Duke 0 - Texas 0
TOP OF THE 2ND
Duke Blue Devils batting - Pitching for Texas Longhorns : LHP Richie Delony
Batting: LHB Bryan Charpentier 0-0: Called Strike
0-1: Swinging Strike
0-2: Strikes out swinging
Batting: RHB Jason Walker 0-0: Ball
1-0: Ground out 6-3 (Groundball, 6, EV 91.2 MPH)
Batting: LHB Seth Gains 0-0: Called Strike
0-1: Swinging Strike
0-2: Reached on error, E6 (Line Drive, 6, EV 63.1 MPH)
Batting: RHB Walker Russell 0-0: Called Strike
0-1: Swinging Strike
0-2: Strikes out swinging
Top of the 2nd over - 0 runs, 0 hits, 1 error, 1 left on base; Duke 0 - Texas 0
BOTTOM OF THE 2ND
Texas Longhorns batting - Pitching for Duke Blue Devils : LHP Alan Miller
Batting: LHB Cyrus LeDoux 0-0: Ball
1-0: Foul Ball, location: 2F
1-1: Foul Ball, location: 2F
1-2: Ball
2-2: Ball
3-2: Strikes out swinging
Batting: RHB Cordell Fortunato 0-0: Ball
1-0: Foul Ball, location: 2F
1-1: SINGLE (Line Drive, 4D, EV 110.0 MPH)
Batting: RHB Henry Willke 0-0: Ball
1-0: Swinging Strike
1-1: Fly out, F8 (Flyball, 8RD, EV 101.2 MPH)
Batting: RHB Kyle Joaquim 0-0: Ball
1-0: Ball
Cordell Fortunato steals 2nd base
2-0: Foul Ball, location: 2F
2-1: Ground out 5-3 (Groundball, 56, EV 89.4 MPH)
Bottom of the 2nd over - 0 runs, 1 hit, 0 errors, 1 left on base; Duke 0 - Texas 0
TOP OF THE 3RD
Duke Blue Devils batting - Pitching for Texas Longhorns : LHP Richie Delony
Batting: SHB Carl Briscoe 0-0: Ball
1-0: Bunt for hit to 25 - play at first, batter OUT! 5-3
Batting: RHB Brian Robinette 0-0: Ball
1-0: Swinging Strike
1-1: Ball
2-1: DOUBLE (Line Drive, 9LS, EV 103.8 MPH) - OUT at third base trying to stretch hit.
Batting: LHB Rob Bass 0-0: Called Strike
0-1: Called Strike
0-2: Ball
1-2: Ground out 6-3 (Groundball, 6M, EV 82.5 MPH)
Top of the 3rd over - 0 runs, 1 hit, 0 errors, 0 left on base; Duke 0 - Texas 0
BOTTOM OF THE 3RD
Texas Longhorns batting - Pitching for Duke Blue Devils : LHP Alan Miller
Batting: RHB Nathan Hayes 0-0: Called Strike
0-1: Ball
1-1: Called Strike
1-2: Fly out, F8 (Flyball, 8RD, EV 99.4 MPH)
Batting: LHB Toren Robinson 0-0: Called Strike
0-1: Foul Ball, location: 2F
0-2: Strikes out looking
Batting: RHB Jim Hamling 0-0: Ball
1-0: Fly out, F9 (Flyball, 89M, EV 74.4 MPH)
Bottom of the 3rd over - 0 runs, 0 hits, 0 errors, 0 left on base; Duke 0 - Texas 0
TOP OF THE 4TH
Duke Blue Devils batting - Pitching for Texas Longhorns : LHP Richie Delony
Batting: RHB Javarez Corley 0-0: Foul Ball, location: 2F
0-1: Foul Ball, location: 2F
0-2: Ball
1-2: Strikes out swinging
Batting: LHB Easton Gryder 0-0: Foul Ball, location: 2F
0-1: Foul Ball, location: 2F
0-2: Strikes out swinging
Batting: LHB Bryan Charpentier 0-0: Called Strike
0-1: Ball
1-1: Ground out 4-3 (Groundball, 4, EV 86.9 MPH)
Top of the 4th over - 0 runs, 0 hits, 0 errors, 0 left on base; Duke 0 - Texas 0
BOTTOM OF THE 4TH
Texas Longhorns batting - Pitching for Duke Blue Devils : LHP Alan Miller
Batting: RHB Eddie Neil 0-0: Foul Ball, location: 2F
0-1: Ball
1-1: Foul Ball, location: 2F
1-2: Strikes out swinging
Batting: RHB Mason Smith 0-0: Ball
1-0: Fly out, F9 (Flyball, 9LM, EV 88.1 MPH)
Batting: LHB Cyrus LeDoux 0-0: Ball
1-0: Ball
2-0: Called Strike
2-1: Called Strike
2-2: Fly out, F9 (Flyball, 89M, EV 83.8 MPH)
Bottom of the 4th over - 0 runs, 0 hits, 0 errors, 0 left on base; Duke 0 - Texas 0
TOP OF THE 5TH
Duke Blue Devils batting - Pitching for Texas Longhorns : LHP Richie Delony
Batting: RHB Jason Walker 0-0: Called Strike
0-1: Fly out, F5 (Line Drive, 5L, EV 67.5 MPH)
Batting: LHB Seth Gains 0-0: Called Strike
0-1: Called Strike
0-2: Ball
1-2: SINGLE (Groundball, 4D, EV 106.2 MPH)
Batting: RHB Walker Russell 0-0: Called Strike
0-1: Swinging Strike
0-2: Fly out, F8 (Flyball, 8RD, EV 100.6 MPH)
Batting: SHB Carl Briscoe 0-0: Swinging Strike
0-1: Foul Ball, location: 2F
0-2: SINGLE (Groundball, 4MD, EV 104.4 MPH)
Seth Gains to second
Batting: RHB Brian Robinette 0-0: Called Strike
0-1: Ball
Wild Pitch!
Seth Gains to third
Carl Briscoe to second
1-1: Ball
2-1: Ground out 6-3 (Groundball, 6, EV 89.4 MPH)
Top of the 5th over - 0 runs, 2 hits, 0 errors, 2 left on base; Duke 0 - Texas 0
BOTTOM OF THE 5TH
Texas Longhorns batting - Pitching for Duke Blue Devils : LHP Alan Miller
Batting: RHB Cordell Fortunato 0-0: Ball
1-0: Fly out, F8 (Flyball, 8LXD, EV 92.5 MPH)
Batting: RHB Henry Willke 0-0: Foul Ball, location: 2F
0-1: Ball
1-1: Swinging Strike
1-2: Strikes out swinging
Batting: RHB Kyle Joaquim 0-0: Ball
1-0: Swinging Strike
1-1: Foul Ball, location: 2F
1-2: Ball
2-2: Strikes out swinging
Bottom of the 5th over - 0 runs, 0 hits, 0 errors, 0 left on base; Duke 0 - Texas 0
TOP OF THE 6TH
Duke Blue Devils batting - Pitching for Texas Longhorns : LHP Richie Delony
Batting: LHB Rob Bass 0-0: Ball
1-0: Called Strike
1-1: Swinging Strike
1-2: Ground out 4-3 (Groundball, 4, EV 82.5 MPH)
Batting: RHB Javarez Corley 0-0: Called Strike
0-1: Foul Ball, location: 2F
0-2: Ball
1-2: Strikes out looking
Batting: LHB Easton Gryder 0-0: Called Strike
0-1: Ground out 6-3 (Groundball, 6M, EV 105.0 MPH)
Top of the 6th over - 0 runs, 0 hits, 0 errors, 0 left on base; Duke 0 - Texas 0
BOTTOM OF THE 6TH
Texas Longhorns batting - Pitching for Duke Blue Devils : LHP Alan Miller
Batting: RHB Nathan Hayes 0-0: Foul Ball, location: 2F
0-1: Ball
1-1: Ball
2-1: DOUBLE (Flyball, 7LD, EV 104.4 MPH)
Batting: LHB Toren Robinson 0-0: Ball
1-0: Called Strike
1-1: Called Strike
1-2: Ball
2-2: Ground out 4-3 (Groundball, 4, EV 105.0 MPH)
Nathan Hayes to third
Batting: RHB Jim Hamling 0-0: Called Strike
0-1: Ball
1-1: Ball
2-1: Swinging Strike
2-2: SINGLE (Line Drive, 9LS, EV 106.9 MPH)
Nathan Hayes scores
Batting: RHB Eddie Neil 0-0: Called Strike
0-1: Foul Ball, location: 2F
0-2: Ball
1-2: Ball
Jim Hamling is caught stealing 2nd base 2-4
2-2: Strikes out swinging
Bottom of the 6th over - 1 run, 2 hits, 0 errors, 0 left on base; Duke 0 - Texas 1
TOP OF THE 7TH
Duke Blue Devils batting - Pitching for Texas Longhorns : LHP Richie Delony
Now at 1B: Toren Robinson
Now in LF: Evan Kessinger
Batting: LHB Bryan Charpentier 0-0: Ball
1-0: Ground out 6-3 (Groundball, 6D, EV 103.8 MPH)
Batting: RHB Jason Walker 0-0: Swinging Strike
0-1: Ground out 6-3 (Groundball, 6, EV 87.5 MPH)
Batting: LHB Seth Gains 0-0: DOUBLE (Line Drive, 9LS, EV 101.2 MPH)
Batting: RHB Walker Russell 0-0: Foul Ball, location: 2F
0-1: Called Strike
0-2: Ball
1-2: Foul Ball, location: 2F
1-2: DOUBLE (Line Drive, 5D, EV 96.2 MPH)
Seth Gains scores
Batting: SHB Carl Briscoe 0-0: Intentional Walk
Batting: RHB Brian Robinette 0-0: Ball
1-0: Foul Ball, location: 2F
1-1: Ball
2-1: Ball
3-1: Base on Balls
Walker Russell to third
Carl Briscoe to second
Batting: LHB Rob Bass 0-0: Fly out, F8 (Line Drive, 8RD, EV 105.6 MPH)
Top of the 7th over - 1 run, 2 hits, 0 errors, 3 left on base; Duke 1 - Texas 1
BOTTOM OF THE 7TH
Texas Longhorns batting - Pitching for Duke Blue Devils : LHP Alan Miller
Batting: RHB Mason Smith 0-0: Ball
1-0: Ball
2-0: Called Strike
2-1: Foul Ball, location: 2F
2-2: Fly out, F9 (Flyball, 89D, EV 98.8 MPH)
Pitching: RHP Nathaniel Williams
Batting: LHB Cyrus LeDoux 0-0: Foul Ball, location: 2F
0-1: Ball
1-1: Called Strike
1-2: Ball
2-2: Ball
3-2: Fly out, F7 (Flyball, 7D, EV 101.9 MPH)
Batting: RHB Cordell Fortunato 0-0: Swinging Strike
0-1: Hit by Pitch
Batting: RHB Henry Willke 0-0: Ball
1-0: Called Strike
Cordell Fortunato is caught stealing 2nd base 2-4
Bottom of the 7th over - 0 runs, 0 hits, 0 errors, 0 left on base; Duke 1 - Texas 1
TOP OF THE 8TH
Duke Blue Devils batting - Pitching for Texas Longhorns : LHP Richie Delony
Batting: RHB Javarez Corley 0-0: Ball
1-0: Ball
2-0: Ball
3-0: Base on Balls
Batting: LHB Easton Gryder 0-0: Ball
1-0: SINGLE (Flyball, 5D, EV 95.6 MPH)
Javarez Corley to second
Pitching: LHP Logan Kinard
Batting: LHB Bryan Charpentier 0-0: Called Strike
0-1: Ball
1-1: Fly out, F8 (Flyball, 78M, EV 80.0 MPH)
Batting: RHB Jason Walker 0-0: Ball
1-0: Foul Ball, location: 2F
1-1: Ball
2-1: Ball
3-1: Swinging Strike
3-2: Foul Ball, location: 2F
3-2: Base on Balls
Javarez Corley to third
Easton Gryder to second
Batting: LHB Seth Gains 0-0: Ball
1-0: Ball
2-0: SINGLE (Groundball, 34D, EV 93.8 MPH)
Javarez Corley scores
Easton Gryder to third
Jason Walker to second
Batting: RHB Walker Russell 0-0: Ball
1-0: Called Strike
1-1: Called Strike
1-2: Strikes out swinging
Batting: SHB Carl Briscoe 0-0: Foul Ball, location: 2F
0-1: Ball
1-1: Ball
2-1: Foul Ball, location: 2F
2-2: Strikes out swinging
Top of the 8th over - 1 run, 2 hits, 0 errors, 3 left on base; Duke 2 - Texas 1
BOTTOM OF THE 8TH
Texas Longhorns batting - Pitching for Duke Blue Devils : RHP Nathaniel Williams
Batting: RHB Henry Willke 0-0: Ball
1-0: Swinging Strike
1-1: Ball
2-1: SINGLE (Groundball, 56S, EV 68.8 MPH) (infield hit)
Pitching: RHP Sawyer Viergutz
Batting: RHB Kyle Joaquim 0-0: Bunted foul
0-1: Sac Bunt to 15 - play at first, batter OUT! 1-3
Henry Willke to second
Pinch Hitting: LHB Moe Waybright 0-0: Ball
1-0: Foul Ball, location: 2F
1-1: Swinging Strike
1-2: Ball
2-2: Strikes out swinging
Batting: LHB Toren Robinson 0-0: Called Strike
0-1: Fly out, F7 (Flyball, 78M, EV 93.1 MPH)
Bottom of the 8th over - 0 runs, 1 hit, 0 errors, 1 left on base; Duke 2 - Texas 1
TOP OF THE 9TH
Duke Blue Devils batting - Pitching for Texas Longhorns : LHP Logan Kinard
Now at 2B: Eli Francis
Batting: RHB Brian Robinette 0-0: Called Strike
0-1: Ball
1-1: Ball
2-1: Ball
3-1: Base on Balls
Pitching: RHP Evan Jackson
Batting: LHB Rob Bass 0-0: Sac Bunt to 3S - play at first, batter OUT! 3-1
Brian Robinette to second
Batting: RHB Javarez Corley 0-0: Ball
1-0: Ball
2-0: Called Strike
2-1: Swinging Strike
2-2: Reached on error, E6 (Groundball, 6, EV 80.0 MPH)
Brian Robinette scores
Batting: LHB Easton Gryder 0-0: Ball
1-0: Fly out, F7 (Line Drive, 7LM, EV 90.0 MPH)
Batting: LHB Bryan Charpentier 0-0: Foul Ball, location: 2F
0-1: Ball
1-1: Ball
2-1: Ball
3-1: Swinging Strike
3-2: SINGLE (Groundball, 34D, EV 98.1 MPH)
Javarez Corley to third
Runner from 3rd tries for Home, SAFE, throw by RF to home
Batting: RHB Jason Walker 0-0: Ball
1-0: Ball
2-0: Called Strike
2-1: Ball
3-1: Called Strike
3-2: Base on Balls
Bryan Charpentier to second
Batting: LHB Seth Gains 0-0: Ball
1-0: Called Strike
1-1: Foul Ball, location: 2F
1-2: Fly out, F8 (Flyball, 78D, EV 94.4 MPH)
Top of the 9th over - 2 runs, 1 hit, 1 error, 2 left on base; Duke 4 - Texas 1
BOTTOM OF THE 9TH
Texas Longhorns batting - Pitching for Duke Blue Devils : RHP Sawyer Viergutz
Batting: RHB Jim Hamling 0-0: Called Strike
0-1: Foul Ball, location: 2F
0-2: Ball
1-2: Ball
2-2: Ball
3-2: Base on Balls
Batting: LHB Evan Kessinger 0-0: Foul Ball, location: 2F
0-1: Foul Ball, location: 2F
0-2: Ball
1-2: Ball
2-2: Foul Ball, location: 2F
2-2: Fly out, F9 (Flyball, 89M, EV 88.1 MPH)
Batting: RHB Mason Smith 0-0: Ball
1-0: Ball
2-0: Ball
3-0: Base on Balls
Jim Hamling to second
Pitching: RHP Wesley Detrick
Batting: LHB Cyrus LeDoux 0-0: 3-RUN HOME RUN (Flyball, 89XD, EV 98.8 MPH), Distance : 418 ft
Batting: RHB Cordell Fortunato 0-0: Ball
1-0: Swinging Strike
1-1: SINGLE (Line Drive, 8LS, EV 93.8 MPH)
Batting: RHB Henry Willke 0-0: Fly out, F9 (Flyball, 9D, EV 98.8 MPH)
Batting: RHB Kyle Joaquim 0-0: Ball
1-0: Ball
2-0: Called Strike
2-1: Swinging Strike
2-2: Strikes out swinging
Bottom of the 9th over - 3 runs, 2 hits, 0 errors, 1 left on base; Duke 4 - Texas 4
TOP OF THE 10TH
Duke Blue Devils batting - Pitching for Texas Longhorns : RHP Evan Jackson
Batting: RHB Walker Russell 0-0: Ball
1-0: Called Strike
1-1: Ball
2-1: Fly out, F7 (Line Drive, 7LS, EV 94.4 MPH)
Batting: SHB Carl Briscoe 0-0: Ball
1-0: Swinging Strike
1-1: Ball
2-1: Foul Ball, location: 2F
2-2: Foul Ball, location: 2F
2-2: Strikes out swinging
Pitching: LHP Hollis Adams
Batting: RHB Brian Robinette 0-0: Called Strike
0-1: Called Strike
0-2: Ball
1-2: Strikes out swinging
Top of the 10th over - 0 runs, 0 hits, 0 errors, 0 left on base; Duke 4 - Texas 4
BOTTOM OF THE 10TH
Texas Longhorns batting - Pitching for Duke Blue Devils : RHP Wesley Detrick
Batting: RHB Eli Francis 0-0: SINGLE (Line Drive, 89M, EV 92.5 MPH)
Batting: LHB Toren Robinson 0-0: Ball
1-0: Ball
2-0: Fly out, F8 (Flyball, 8LXD, EV 95.0 MPH)
Runner from 1st tags up, SAFE at 2nd
Batting: RHB Jim Hamling 0-0: Foul Ball, location: 2F
0-1: Swinging Strike
0-2: SINGLE (Line Drive, 4D, EV 99.4 MPH)
Eli Francis to third
Runner from 3rd tries for Home, SAFE, throw by RF to home
Bottom of the 10th over - 1 run, 2 hits, 0 errors, 1 left on base; Duke 4 - Texas 5
Wednesday, April 17th , 2024 - OOTP Baseball 23.10 Build 110